 Dungeon Crawl Stone Soup version 0.23.2-1-ga50397a (webtiles) character file.

Game seed: 15071615424006914270

809 Borgoz the Chopper (level 7, 0/64 HPs)
             Began as a Gargoyle Gladiator on May 14, 2019.
             Slain by a quasit (2 damage)
             ... summoned by Eustachio
             ... on level 5 of the Dungeon.
             The game lasted 00:04:52 (3765 turns).

Borgoz the Chopper (Gargoyle Gladiator)             Turns: 3765, Time: 00:04:53

Health: 0/64       AC: 23    Str: 17    XL:     7   Next: 92%
Magic:  7/7        EV:  2    Int:  9    God:
Gold:   303        SH:  0    Dex: 13    Spells: 6/6 levels left

rFire    . . .     SeeInvis +   a - +0 war axe
rCold    . . .     Gourm    .   (no shield)
rNeg     + + +     Faith    .   (armour currently unavailable)
rPois    ∞         Spirit   .   (helmet currently unavailable)
rElec    .         Reflect  .   (cloak currently unavailable)
rCorr    .         Harm     .   (gloves currently unavailable)
MR       .....     NoTele   +   (boots currently unavailable)
Stlth    +.........             (no amulet)
HPRegen  0.20/turn              l - ring of see invisible
MPRegen  0.10/turn              (no ring)

@: tree-form (expiring)
A: negative energy resistance 1, petrification resistance, rot immunity, AC +4
a: no special abilities


You were on level 5 of the Dungeon.
You were not hungry.
You were a tree.
You visited 1 branch of the dungeon, and saw 5 of its levels.

You collected 303 gold pieces.

Inventory:

Hand Weapons
 a - a +0 war axe (weapon)
Missiles
 d - 3 throwing nets (quivered)
Armour
 c - a +0 helmet (melded)
 e - a +0 ring mail (melded)
 k - a +0 pair of boots (melded)
 n - a +1 leather armour of fire resistance
 p - a +0 cloak (melded)
Jewellery
 l - a ring of see invisible (left branch)
Scrolls
 b - a scroll of blinking {unknown}
 h - 3 scrolls of remove curse {unknown}
 i - a scroll of teleportation {unknown}
 j - 6 scrolls of identify {unknown}
 q - a scroll of immolation {unknown}
Potions
 m - a potion of cancellation
 o - 2 potions of lignification
Comestibles
 f - 8 rations
 g - 4 chunks of flesh


   Skills:
 + Level 4.2 Fighting
 * Level 5.2 Axes
 - Level 1.7 Throwing
 + Level 3.5 Armour
 * Level 4.8 Dodging


You had 6 spell levels left.
You didn't know any spells.
Your spell library contained the following spells:

 Spells                   Type           Power        Failure   Level  Hunger
 Beastly Appendage        Tmut           #.....       38%         1    ##.....
 Sticks to Snakes         Tmut           #.......     52%         2    ###....
 Spider Form              Tmut/Pois      #.........   77%         3    ####...
 Ice Form                 Ice/Tmut       #.......     99%         4    #####..
 Blade Hands              Tmut           #.........   100%        5    ######.


Dungeon Overview and Level Annotations

Branches:
Dungeon (5/15)
 Temple: D:4-7

Altars:
Cheibriados
Gozag
Hepliaklqana
Kikubaaqudgha
Nemelex Xobeh
Uskayaw
Yredelemnul

Annotations:
D:5 Eustachio


Innate Abilities, Weirdness & Mutations

You are resistant to torment.
((Your stone body is resilient. (AC +4)))
You are immune to poison.
You resist negative energy. (rN+)
((You are resistant to electric shocks. (rElec)))
((You can survive without breathing.))
You are immune to petrification.
You are immune to rotting.


Message History

The ufetubus hits you but does no damage. x2
Eustachio gestures wildly while chanting.
You barely miss the ufetubus.
The ufetubus is almost dead.
The ufetubus hits you but does no damage. x4
You closely miss Eustachio.
Eustachio is almost dead.
You closely miss the shadow imp. You slash the ufetubus!
You kill the ufetubus!
You barely miss the ufetubus.
The ufetubus disappears in a puff of smoke!
The iron imp shouts, "Quit, thou lumpish mumble-news gonus!"
The shadow imp hits you.
* * * LOW HITPOINT WARNING * * *
Eustachio gestures wildly while chanting.
You hit Eustachio.
Eustachio is almost dead.
You completely miss the shadow imp. You hit the quasit but do no damage.
The quasit bites you.
You die...

......?. .. #. #.....#
#.## #. #....# #..#
##. #....## #..## ##..
#.....### #..# ##..#
##.......####..###..##
##....§§....##......##
##...................#
#......♣@5...##......#
#.##...55...######...#
#.# ##.......# ###...
... ##.....## ###..
### #....## ## #....#
#....## .....## ..#..


You could see Eustachio, an iron imp, a quasit and a shadow imp.

Vanquished Creatures
  Edmund (D:5)
  Menkaure (D:4)
  2 ogres
  A crimson imp (D:3)
  A hound (D:4)
  Crazy Yiuf (D:3)
  Jessica (D:2)
  An orc wizard (D:3)
  A worker ant (D:4)
  A hound zombie (D:5)
  Robin (D:3)
  7 adders
  4 gnolls (D:3)
  An ooze (D:2)
  2 worms
  3 leopard geckos (D:2)
  9 orcs
  8 bats
  6 giant cockroaches
  13 goblins
  12 hobgoblins
  3 jackals (D:5)
  3 quokkas (D:4)
  6 frilled lizards
  4 kobolds
  7 rats
100 creatures vanquished.

Notes
Turn   | Place    | Note
-------+----------+-------------------------------------------
     0 | D:1      | Borgoz the Gargoyle Gladiator began the quest for the Orb.
     0 | D:1      | Reached XP level 1. HP: 12/12 MP: 1/1
   586 | D:1      | Reached XP level 2. HP: 18/18 MP: 2/2
   829 | D:1      | Reached skill level 3 in Axes
  1083 | D:2      | Reached XP level 3. HP: 19/22 MP: 3/3
  1100 | D:2      | Reached skill level 1 in Armour
  1286 | D:2      | Noticed Jessica
  1292 | D:2      | Killed Jessica
  1292 | D:2      | Reached XP level 4. HP: 27/27 MP: 4/4
  1814 | D:2      | Found an ancient bone altar of Kikubaaqudgha.
  1815 | D:2      | Found a snail-covered altar of Cheibriados.
  1894 | D:3      | Found a runed translucent door.
  1895 | D:3      | Noticed Crazy Yiuf
  1958 | D:3      | Noticed Robin
  1973 | D:3      | Reached XP level 5. HP: 30/32 MP: 5/5
  1993 | D:3      | Killed Robin
  2346 | D:3      | Reached skill level 4 in Axes
  2384 | D:3      | Reached XP level 6. HP: 35/37 MP: 6/6
  2736 | D:3      | Killed Crazy Yiuf
  2887 | D:4      | Found a sparkling altar of Nemelex Xobeh.
  3096 | D:4      | Noticed Menkaure
  3104 | D:4      | Killed Menkaure
  3104 | D:4      | Reached XP level 7. HP: 42/42 MP: 7/7
  3188 | D:4      | Found a hazy altar of Hepliaklqana.
  3188 | D:4      | Found a sparkling altar of Nemelex Xobeh.
  3190 | D:4      | Found an opulent altar of Gozag.
  3196 | D:4      | Found a hide-covered altar of Uskayaw.
  3202 | D:4      | Found a basalt altar of Yredelemnul.
  3457 | D:5      | Entered Level 5 of the Dungeon
  3494 | D:5      | Noticed Edmund
  3513 | D:5      | Killed Edmund
  3513 | D:5      | Reached skill level 5 in Axes
  3702 | D:5      | Noticed Eustachio
  3764 | D:5      | HP: 2/64 [shadow imp[Eustachio] (2)]
  3765 | D:5      | Slain by a quasit

Skill      XL: |  1  2  3  4  5  6  7 |
---------------+----------------------+-----
Axes           | 3 4 5 |  5.2
Armour         | 1 2 3 |  3.5
Dodging        | 3 4 |  4.8
Fighting       | 3 4 |  4.2
Throwing       | |  1.7

Action                   |  1- 3 |  4- 6 |  7- 9 || total
-------------------------+-------+-------+-------++-------
Melee: War axe           |   113 |   173 |   110 ||   396
Throw: Throwing net      |       |     1 |       ||     1
  Use: Potion            |       |     3 |     1 ||     4
  Eat: Chunk             |     1 |     6 |     3 ||    10
Armor: Ring mail         |    72 |   109 |    77 ||   258
       Leather armour    |     3 |       |       ||     3
       Skin              |       |       |    68 ||    68
Dodge: Dodged            |    93 |   123 |   139 ||   355
